 Dungeon Crawl Stone Soup version 0.30-a0-358-g0d69a1922f (webtiles) character file.

Game seed: 16788476512361598697

20 blackman the Sneak (level 3, -1/29 HPs)
             Began as a Human Delver on Nov 8, 2022.
             Was an Initiate of Gozag.
             Splashed by a jelly's acid (11 damage)
             ... on level 2 of the Dungeon.
             The game lasted 00:02:25 (581 turns).

blackman the Sneak (Human Delver)                    Turns: 581, Time: 00:02:25

Health: -1/29      AC: -3    Str: 12    XL:     3   Next: 0%
Magic:  3/3        EV: 12    Int: 10    God:    Gozag
Gold:   95         SH:  0    Dex: 16    Spells: 2/2 levels left

rFire   . . .      SeeInvis .    a - +0 falchion
rCold   . . .      Faith    .    (no shield)
rNeg    . . .      Spirit   .    b - +0 leather armour
rPois   .          Reflect  .    k - +1 helmet
rElec   .          Harm     .    (no cloak)
rCorr   .          Rampage  .    (no gloves)
Will    .....                    (no boots)
Stlth   +++.......               (no amulet)
HPRegen 0.24/turn                (no ring)
MPRegen 0.08/turn                (no ring)

@: corroded, gold aura
A: no striking features
a: Renounce Religion, Potion Petition, Call Merchant, Bribe Branch


You were on level 2 of the Dungeon.
You worshipped Gozag.
Gozag was noncommittal.
You visited 1 branch of the dungeon, and saw 5 of its levels.

You collected 113 gold pieces.
You paid 18 gold pieces to Gozag.

Inventory:

Hand Weapons
 a - a +0 falchion (weapon)
Armour
 b - a +0 leather armour (worn)
 i - a +0 helmet
 k - a +1 helmet (worn)
Scrolls
 c - a scroll of fog
 d - a scroll of magic mapping
 f - a scroll of identify {unknown}
 g - a scroll of fear
Potions
 e - a potion of curing


   Skills:
 - Level 3.0 Fighting
 + Level 3.2 Long Blades
 - Level 2.0 Dodging
 - Level 5.0 Stealth


You had 2 spell levels left.
You didn't know any spells.
Your spell library was empty.

Dungeon Overview and Level Annotations

Branches:
Dungeon (6/15)
 Temple: D:4-7

Altars:
Ashenzari
Elyvilon
Gozag
Okawaru
Uskayaw

Annotations:
D:4 Eustachio
D:5 Dowan, Duvessa


Message History

Key pressed, stopping explore.
Key pressed, stopping explore.
You now have 87 gold pieces (gained 11).
There is a stone staircase leading up here.
Key pressed, stopping explore.
You enter the shallow water.
Moving in this stuff is going to be slow.
You enter the shallow water.
Moving in this stuff is going to be slow.
You enter the shallow water.
Moving in this stuff is going to be slow.
A rat comes into view.
The helpless rat fails to defend itself.
You slash the rat!
You kill the rat!
You have reached level 3!
Your experience leads to an increase in your attributes!
Increase (S)trength, (I)ntelligence, or (D)exterity?
You feel agile. x2
You now have 95 gold pieces (gained 8).
Key pressed, stopping explore.
A jelly comes into view.
A jelly is nearby!
A jelly is nearby!
A jelly is nearby!
The helpless jelly fails to defend itself.
You hit the jelly. The acid corrodes you!
Your hands burn!
The jelly is moderately wounded.
The jelly jiggles.
The jelly hits you.
You are splashed with acid.
You hit the jelly.
Your hands burn!
The jelly is severely wounded.
The jelly barely misses you.
You are too injured to fight recklessly!
You are too injured to fight recklessly!
You hit the jelly but do no damage. The acid corrodes you!
Your hands burn!
The jelly is severely wounded.
The jelly hits you. The acid corrodes you!
You are splashed with acid!
You die...
Your body crumbles into a pile of gold.

.. #. #.
#. #.
#.#####..#
#..@J....#
#..#####.#
#......#
##.###.#
#.# #.#
#.# #.#
### ###
#.# #≈#
###..


You could see a jelly.

Vanquished Creatures
  An adder (D:4)
  A dart slug (D:5)
  An endoplasm (D:3)
  A goblin (D:4)
  3 ball pythons (D:4)
  A frilled lizard (D:3)
  A kobold (D:4)
  A rat (D:2)
10 creatures vanquished.

Vanquished Creatures (others)
  A demonic plant (D:6)
1 creature vanquished.

Grand Total: 11 creatures vanquished

Notes
Turn   | Place    | Note
-------+----------+-------------------------------------------
     0 | D:5      | blackman the Human Delver began the quest for the Orb.
     0 | D:5      | Reached XP level 1. HP: 18/18 MP: 1/1
    13 | D:5      | Noticed a scorpion
   120 | D:6      | Noticed an orc priest
   136 | D:5      | Noticed a phantom
   264 | D:5      | Noticed an orc priest
   272 | D:5      | Found an opulent altar of Gozag.
   279 | D:5      | Became a worshipper of Gozag Ym Sagoz the Greedy
   295 | D:5      | Noticed Duvessa
   295 | D:5      | Noticed Dowan
   309 | D:4      | Noticed an iguana
   333 | D:4      | Found a white marble altar of Elyvilon.
   334 | D:4      | Found an iron altar of Okawaru.
   335 | D:4      | Found a broken altar of Ashenzari.
   336 | D:4      | Found a hide-covered altar of Uskayaw.
   352 | D:4      | Reached XP level 2. HP: 13/24 MP: 2/2
   457 | D:4      | Noticed Eustachio
   570 | D:2      | Reached XP level 3. HP: 29/29 MP: 3/3
   581 | D:2      | Splashed by a jelly's acid

Illustrated notes

Levels and vault maps discovered:
D:2:      layout_loops_ring, serial_shops, nicolae_lakefront_shop,
          chequers_serial_rivers_small_b
D:3:      layout_basic, serial_rivers, chequers_serial_rivers_room_b,
          chequers_serial_rivers_large_b, chequers_serial_rivers_micro_a,
          chequers_serial_rivers_small_3, chequers_serial_rivers_large_a,
          ebering_ecumenical_altar_mist, solitary_fountain, minivault_5
D:4:      layout_rooms, chequers_temple_overflow_statue_of_worship,
          uniq_eustachio
D:5:      layout_basic, lemuel_crystal_altar, uniq_duvessa
D:6:      cheibrodos_fertilizer, layout_loops_ring, tso_altar, serial_demonic,
          serial_demonic_c, serial_demonic_c, serial_demonic_b,
          serial_demonic_b, serial_demonic_f

Skill      XL: |  1 |
---------------+----+-----
Long Blades    | 3 |  3.2
Fighting       | |  3.0
Dodging        | |  2.0
Stealth        | |  5.0

Action                   || total
-------------------------++-------
Melee: Falchion          ||    41
Evoke: Wand              ||     3
  Use: Scroll            ||     2
       Potion            ||     2
 Stab: Sleeping          ||     2
Armor: Leather armour    ||    21
Dodge: Dodged            ||    31

Table legend: (Time is in decaauts)
 A = Elapsed time spent in this place.
 B = Non-inter-level travel time spent in this place.
 C = Inter-level travel time spent in this place.
 D = Time resting spent in this place.
 E = Time spent auto-exploring this place.
 F = Levels seen in this place.
 G = Mean time per level.
                   A        B        C        D        E       F      G
               +--------+--------+--------+--------+--------+-----+--------+
         Total |    573 |    565 |      8 |      0 |    295 |   5 |  114.6 |
       Dungeon |    573 |    565 |      8 |      0 |    295 |   5 |  114.6 |
               +--------+--------+--------+--------+--------+-----+--------+

Top non-repeatable levels by time:
     D:5: 187 daAuts
     D:4: 157 daAuts
     D:6: 102 daAuts
     D:2: 78 daAuts
     D:3: 47 daAuts
